 Dungeon Crawl Stone Soup version 0.30-a0-141-g30f27751c5 (webtiles) character file.

Game seed: 15107691262435230530

1717 qw the Cleaver (level 9, -3/55 HPs)
             Began as a Gargoyle Fighter on Sept 25, 2022.
             Was a Believer of Okawaru.
             Killed by divine providence
             ... invoked by an orc priest
              (16 damage)
             ... on level 7 of the Dungeon.
             The game lasted 00:02:00 (5996 turns).

qw the Cleaver (Gargoyle Fighter)                   Turns: 5996, Time: 00:02:00

Health: -3/55      AC: 18    Str: 21 (23) XL:     9   Next: 4%
Magic:  10/12      EV:  9    Int: 10      God:    Okawaru [**....]
Gold:   137        SH:  5    Dex:  9      Spells: 8/8 levels left

rFire   . . .      SeeInvis .    h - +2 war axe (vamp)
rCold   . . .      Faith    .    c - +0 buckler
rNeg    + . .      Spirit   .    e - +0 chain mail
rPois   inf        Reflect  .    (no helmet)
rElec   +          Harm     .    q - +0 cloak
rCorr   +          Rampage  .    (no gloves)
Will    .....                    (no boots)
Stlth   ..........               (no amulet)
HPRegen 0.18/turn                o - ring of resist corrosion
MPRegen 0.13/turn                (no ring)

@: about to teleport, heroic
A: sickness immunity, AC +6, negative energy resistance 1, electricity
resistance, torment resistance 1, petrification resistance
a: Renounce Religion, Heroism


You were on level 7 of the Dungeon.
You worshipped Okawaru.
Okawaru was pleased with you.
You visited 1 branch of the dungeon, and saw 7 of its levels.

You collected 266 gold pieces.
You spent 129 gold pieces at shops.


Innate Abilities, Weirdness & Mutations

You are immune to sickness and miasma.
Your stone body is resilient. (AC +6)
You are immune to poison.
You resist negative energy. (rN+)
You are resistant to electric shocks. (rElec)
You are resistant to unholy torment.
You are immune to petrification.


   Skills:
 + Level 5.8(10.8) Fighting
 - Level 8.3(13.3) Axes
 - Level 1.0(6.0) Throwing
 - Level 3.2(8.2) Armour
 - Level 2.2(7.2) Dodging
 - Level 3.2(8.2) Shields
 - Level 4.1 Invocations


You had 8 spell levels left.
You didn't know any spells.
Your spell library was empty.

Inventory:

Hand Weapons
 h - a +2 vampiric war axe (weapon)
 p - a +1 morningstar of protection
Missiles
 i - 7 boomerangs (quivered)
Armour
 c - a +0 buckler (worn)
 e - a +0 chain mail (worn)
 q - a +0 cloak (worn)
Jewellery
 o - a ring of resist corrosion (left hand)
Scrolls
 a - 2 scrolls of teleportation
 l - a scroll of identify
Potions
 d - a potion of might
 f - a potion of heal wounds
 j - a potion of magic
 k - a potion of resistance
 m - a potion of cancellation {unknown}
 n - a potion of haste {unknown}

Dungeon Overview and Level Annotations

Branches:
Dungeon (7/15)
 Temple: D:4-7

Altars:
Okawaru

Shops:
D:5 :=(:

Annotations:
D:3 2 runed translucent doors, qw's ghost, amateur GrFi


Message History

Something hits you. Something shocks you. You resist.
You hit the hornet.
You feel better.
The hornet is almost dead.
You barely miss something. You block the hornet's attack.
The hornet stings you but does no damage.
Something hits you. Something shocks you. You resist.
You closely miss the hornet.
The hornet is almost dead.
You slash something!
The hornet stings you but does no damage.
Something hits you. Something shocks you. You resist.
An orc comes into view. It is wielding a +0 whip.
An orc comes into view. It is wielding a +0 mace.
The hornet closely misses you.
5993 ||| INVOKING Heroism.
You gain the combat prowess of a mighty hero.
The orc shouts!
The hornet stings you! Something hits you but does no damage.
You barely miss the hornet.
The hornet is almost dead.
You miss something. You block the hornet's attack.
Something hits you but does no damage.
An orc priest comes into view. It is wielding a +0 flail.
The orc priest shouts!
You hit the hornet.
The hornet is almost dead.
You hit something. You barely miss the orc.
The hornet stings you but does no damage.
The hornet completely misses you. Something hits you but does no damage.
The orc priest mumbles some strange prayers to Beogh against you.
Beogh smites you! The orc closely misses you.
5996 ||| READING 3 scrolls of teleportation.
As you read the scroll of teleportation, it crumbles to dust.
You feel strangely unstable.
The hornet stings you but does no damage.
Something hits you but does no damage.
The orc priest mumbles some strange prayers to Beogh against you.
Beogh smites you!
You die...

..#....
###..Y.Y...<....#
#.........?......
#................
##........o........ ..
##..........$.o.###.##..
#......##...............
.......#{.o....##.......
.......@y>.....##...>.!.
........o.....###.......
.......#........##......
.......#..........##<...
...###+###........#.....
.. #.............. .
#..##..##......
+.##..##..#....
.##..#....


You could see a hornet, an orc priest and 3 orcs.

Vanquished Creatures
  Prince Ribbit (D:6)
  Eustachio (D:5)
  Edmund (D:5)
  A phantom (D:6)
  2 ogres
  Blork the orc (D:6)
  2 bullfrogs (D:6)
  A necrophage (D:4)
  4 scorpions
  4 wights (D:6)
  A howler monkey (D:6)
  2 hounds
  An orc priest (D:6)
  2 iguanas
  3 gnolls (D:6)
  4 adders
  A shadow imp (D:6)
  4 worms
  A dart slug (D:3)
  10 orcs
  10 endoplasms
  2 giant cockroaches
  8 goblins
  15 hobgoblins
  5 kobolds
  2 quokkas
  9 ball pythons
  7 bats
  3 frilled lizards
  7 rats
115 creatures vanquished.

Notes
Turn   | Place    | Note
-------+----------+-------------------------------------------
     0 | D:1      | qw the Gargoyle Fighter began the quest for the Orb.
     0 | D:1      | Reached XP level 1. HP: 14/14 MP: 1/1
     0 | D:1      | 0 ||| qw: Version: 0.2-a-10-g399e6c4
     0 | D:1      | 0 ||| qw: Game counter: 311
     0 | D:1      | 0 ||| qw: Always use a shield: true
     0 | D:1      | 0 ||| qw: God list: Okawaru
     0 | D:1      | 0 ||| qw: Allow faded altars: false
     0 | D:1      | 0 ||| qw: Do Orc after D:15 true
     0 | D:1      | 0 ||| qw: Do second Lair branch before Depths: true
     0 | D:1      | 0 ||| qw: Lair rune preference: random
     0 | D:1      | 0 ||| qw: Plans: Normal, Zot:1-4, God:TSO, Crypt, Tomb,
                  | Pan, Slime:5, Hells, Abyss, Orb
     0 | D:1      | 0 ||| PLANNING D:1-11
   159 | D:1      | Reached skill level 2 in Axes
   234 | D:1      | Reached XP level 2. HP: 17/19 MP: 2/2
   545 | D:1      | 545 ||| Stepping ~*~*~tactically~*~*~ (stealth).
   546 | D:1      | 546 ||| Stepping ~*~*~tactically~*~*~ (stealth).
   701 | D:1      | Reached skill level 3 in Axes
   774 | D:1      | 774 ||| DROPPING +0 club.
   836 | D:1      | Reached XP level 3. HP: 23/23 MP: 3/3
   955 | D:1      | 955 ||| Stepping ~*~*~tactically~*~*~ (stealth).
  1025 | D:1      | 1025 ||| READING 2 scrolls labelled PULOOHAQOSK.
  1029 | D:1      | 1029 ||| READING scroll labelled YZXIAC TALLUH.
  1077 | D:1      | 1077 ||| READING scroll labelled ONIJOO ZYZAU.
  1078 | D:1      | 1078 ||| READING scroll labelled EHUASA MYCSU.
  1079 | D:1      | 1079 ||| DRINKING 2 bubbling yellow potions.
  1180 | D:1      | 1180 ||| DROPPING potion of ambrosia.
  1229 | D:2      | 1229 ||| Stepping ~*~*~tactically~*~*~ (stealth).
  1250 | D:2      | 1250 ||| Stepping ~*~*~tactically~*~*~ (stealth).
  1504 | D:2      | Found an iron altar of Okawaru.
  1505 | D:2      | 1505 ||| PLANNING OKAWARU WORSHIP
  1505 | D:2      | 1505 ||| UPGRADING to +0 chain mail.
  1515 | D:2      | 1515 ||| DROPPING +0 scale mail.
  1521 | D:2      | Became a worshipper of Warmaster Okawaru
  1522 | D:2      | 1522 ||| PLANNING D:1-11
  1768 | D:2      | Reached XP level 4. HP: 18/28 MP: 4/4
  1871 | D:2      | 1871 ||| Stepping ~*~*~tactically~*~*~ (stealth).
  2027 | D:2      | Reached skill level 1 in Throwing
  2093 | D:2      | 2093 ||| READING 2 scrolls labelled HOOSIU UMOARY.
  2300 | D:3      | 2300 ||| Stepping ~*~*~tactically~*~*~ (stealth).
  2302 | D:3      | 2302 ||| Stepping ~*~*~tactically~*~*~ (stealth).
  2308 | D:3      | Reached skill level 4 in Axes
  2320 | D:3      | 2320 ||| FLEEEEING.
  2389 | D:3      | 2389 ||| DROPPING +0 mace.
  2401 | D:3      | Found a large runed translucent door.
  2402 | D:3      | Found a large runed translucent door.
  2406 | D:3      | Noticed qw's ghost (amateur GrFi)
  2410 | D:3      | 2410 ||| Stepping ~*~*~tactically~*~*~ (stealth).
  2412 | D:3      | 2412 ||| Stepping ~*~*~tactically~*~*~ (hiding).
  2415 | D:3      | 2415 ||| Stepping ~*~*~tactically~*~*~ (hiding).
  2883 | D:3      | Found a faded altar of an unknown god.
  3081 | D:3      | 3081 ||| READING scroll labelled JESOK LEIFIYM.
  3082 | D:3      | 3082 ||| READING scroll labelled GAEJYUS JEV.
  3241 | D:4      | Noticed a necrophage
  3253 | D:4      | Killed a necrophage
  3254 | D:4      | Reached XP level 5. HP: 26/32 MP: 5/5
  3698 | D:4      | Reached skill level 5 in Axes
  3895 | D:4      | Reached XP level 6. HP: 34/38 MP: 6/6
  4106 | D:4      | 4106 ||| READING scroll labelled IGUACE QEEGUERAX.
  4107 | D:4      | 4107 ||| DRINKING 2 dark potions.
  4139 | D:5      | Entered Level 5 of the Dungeon
  4199 | D:5      | Found Viojaog's Jewellery Emporium.
  4206 | D:5      | 4206 ||| SHOPLISTING ring "Gekituil" {rF+ AC+4 Int-5 SInv}
                  | (611 gold, have 223).
  4206 | D:5      | 4206 ||| SHOPLISTING ring of positive energy (280 gold,
                  | have 223).
  4206 | D:5      | 4206 ||| SHOPLISTING ring of willpower (350 gold, have
                  | 223).
  4208 | D:5      | 4208 ||| Stepping ~*~*~tactically~*~*~ (stealth).
  4211 | D:5      | Reached skill level 6 in Axes
  4316 | D:5      | Reached * piety under Okawaru
  4317 | D:5      | Reached XP level 7. HP: 39/43 MP: 7/7
  4366 | D:5      | Noticed Edmund
  4367 | D:5      | 4367 ||| INVOKING Heroism.
  4376 | D:5      | Killed Edmund
  4419 | D:5      | 4419 ||| DROPPING +0 flail.
  4423 | D:5      | Found Loffopem's Book Shop.
  4448 | D:5      | Noticed Eustachio
  4449 | D:5      | 4449 ||| INVOKING Heroism.
  4460 | D:5      | 4460 ||| INVOKING Heroism.
  4468 | D:5      | Killed Eustachio
  4469 | D:5      | Reached skill level 1 in Invocations
  4652 | D:5      | Found Turimuo's Weapon Boutique.
  4659 | D:5      | 4659 ||| BUYING +1 morningstar of protection (129 gold).
  4659 | D:5      | Bought a +1 morningstar of protection for 129 gold pieces
  4659 | D:5      | 4659 ||| DROPPING +1 vorpal flail.
  4773 | D:5      | Found Daupp's Book Emporium.
  4818 | D:5      | 4818 ||| DRINKING 2 lumpy orange potions.
  4819 | D:5      | 4819 ||| DROPPING potion of degeneration.
  4834 | D:6      | 4834 ||| PLANNING SEWER
  4842 | D:6      | 4842 ||| STAIRDANCE
  4914 | D:6      | 4914 ||| INVOKING Heroism.
  4914 | D:6      | Noticed Blork the orc
  4915 | D:6      | 4915 ||| INVOKING Heroism.
  4921 | D:6      | Reached ** piety under Okawaru
  4922 | D:6      | Reached skill level 3 in Invocations
  4922 | D:6      | Reached XP level 8. HP: 45/48 MP: 7/10
  4930 | D:6      | Killed Blork the orc
  4950 | D:6      | 4950 ||| INVOKING Heroism.
  4957 | D:6      | Reached skill level 7 in Axes
  4992 | D:6      | 4992 ||| FLEEEEING.
  4993 | D:6      | 4993 ||| STAIRDANCE
  5090 | D:6      | 5090 ||| INVOKING Heroism.
  5231 | D:6      | 5231 ||| FLEEEEING.
  5232 | D:6      | 5232 ||| FLEEEEING.
  5233 | D:6      | 5233 ||| FLEEEEING.
  5234 | D:6      | 5234 ||| STAIRDANCE
  5310 | D:6      | Noticed Prince Ribbit
  5311 | D:6      | 5311 ||| INVOKING Heroism.
  5326 | D:6      | Killed Prince Ribbit
  5327 | D:6      | Reached skill level 8 in Axes
  5440 | D:6      | 5440 ||| DROPPING +0 morningstar of protection.
  5585 | D:6      | 5585 ||| RIP SEWER
  5588 | D:6      | 5588 ||| PLANNING D:1-11
  5602 | D:6      | 5602 ||| Stepping ~*~*~tactically~*~*~ (stealth).
  5612 | D:6      | 5612 ||| INVOKING Heroism.
  5619 | D:6      | Reached XP level 9. HP: 54/54 MP: 9/12
  5885 | D:6      | 5885 ||| UPGRADING to +0 cloak.
  5890 | D:6      | 5890 ||| UPGRADING to ring of resist corrosion.
  5891 | D:6      | 5891 ||| READING scroll labelled GUDUTZ IPNIKK.
  5892 | D:6      | 5892 ||| READING 4 scrolls of identify.
  5892 | D:6      | 5892 ||| IDENTIFYING metallic purple potion
  5893 | D:6      | 5893 ||| READING 3 scrolls of identify.
  5893 | D:6      | 5893 ||| IDENTIFYING grey potion
  5894 | D:6      | 5894 ||| READING 2 scrolls of identify.
  5894 | D:6      | 5894 ||| IDENTIFYING inky potion
  5895 | D:6      | 5895 ||| DROPPING potion of flight.
  5932 | D:7      | 5932 ||| READING scroll of enchant weapon.
  5932 | D:7      | 5932 ||| ENCHANTING +1 vampiric war axe.
  5974 | D:7      | 5974 ||| READING 4 scrolls of teleportation.
  5976 | D:7      | 5976 ||| FLEEEEING.
  5976 | D:7      | Noticed a hornet
  5977 | D:7      | 5977 ||| Stepping ~*~*~tactically~*~*~ (stealth).
  5978 | D:7      | 5978 ||| Stepping ~*~*~tactically~*~*~ (stealth).
  5979 | D:7      | 5979 ||| Stepping ~*~*~tactically~*~*~ (stealth).
  5981 | D:7      | 5981 ||| Stepping ~*~*~tactically~*~*~ (stealth).
  5993 | D:7      | 5993 ||| INVOKING Heroism.
  5995 | D:7      | HP: 13/55 [orc priest/divine providence (15)]
  5996 | D:7      | 5996 ||| READING 3 scrolls of teleportation.
  5996 | D:7      | Killed from afar by an orc priest

Levels and vault maps discovered:
D:1:      dpeg_arrival_fog, layout_loops_ring, corexii_leaking_fountain
D:2:      layout_basic, basic_altar, minmay_quantized
D:3:      layout_loops_corners, ebering_ghost_disaster_area,
          shapermc_ecumenical_altar_totnotflames
D:4:      layout_loops_corners
D:5:      layout_cave_pools, serial_shops, shop, shop, kennysheep_little_box,
          nicolae_shop_statue_plus, uniq_edmund, uniq_eustachio
D:6:      layout_cave_pools, cheibrodos_sewer_entry_drain, uniq_blork_the_orc,
          uniq_prince_ribbit1
D:7:      layout_cave_pools, minmay_temple_entry_glassed_door,
          gammafunk_ghost_necromancy, serial_glass, glass_columns_c,
          glass_columns_c, uniq_crazy_yiuf_cottage, uniq_maggie, uniq_menkaure

Skill      XL: |  1  2  3  4  5  6  7  8 |
---------------+-------------------------+-----
Axes           | 2 3 4 5 6 8 |  8.3
Throwing       | 1 |  1.0
Fighting       | 4 5 |  5.8
Dodging        | 2 |  2.2
Invocations    | 3 4 |  4.1
Armour         | |  3.2
Shields        | |  3.2

Action                   |  1- 3 |  4- 6 |  7- 9 || total
-------------------------+-------+-------+-------++-------
Melee: War axe           |   139 |    92 |   141 ||   372
Throw: Javelin           |     2 |    18 |       ||    20
       Boomerang         |       |    31 |    37 ||    68
Invok: Heroism           |       |       |     9 ||     9
  Use: Scroll            |     4 |     4 |     7 ||    15
       Potion            |     1 |     1 |     1 ||     3
Armor: Scale mail        |    53 |       |       ||    53
       Chain mail        |     7 |    50 |    89 ||   146
Dodge: Dodged            |    47 |    21 |    41 ||   109
Block: Buckler           |    29 |    11 |    27 ||    67

Table legend:
 A = Non-vault XP
 B = Vault XP
 C = Vault XP percentage of total XP
 D = Non-vault monster count
 E = Vault monster count
 F = Vault count percentage of total count
                 A         B        C        D         E       F
            +---------+---------+-------+---------+---------+-------
      Total |    1738 |     716 |  29.2 |     102 |      13 |  11.3
            +---------+---------+-------+---------+---------+-------
        D:1 |      46 |       0 |   0.0 |      27 |       0 |   0.0
        D:2 |      36 |      11 |  23.4 |      20 |       6 |  23.1
        D:3 |      48 |       0 |   0.0 |      15 |       0 |   0.0
        D:4 |     201 |       0 |   0.0 |      11 |       0 |   0.0
        D:5 |     291 |     354 |  54.9 |       7 |       2 |  22.2
        D:6 |    1113 |     351 |  24.0 |      21 |       5 |  19.2
        D:7 |       3 |       0 |   0.0 |       1 |       0 |   0.0
            +---------+---------+-------+---------+---------+-------
